 Dungeon Crawl Stone Soup version 0.16-a0-3218-g9b393b2 (webtiles) character file.

1623 myeffort the Geomancer (level 8, 0/62 HPs)
             Began as a Deep Dwarf Earth Elementalist on Dec 20, 2014.
             Was an Initiate of Makhleb.
             Slain by a killer bee (2 damage)
             ... on level 6 of the Dungeon.
             The game lasted 00:16:19 (4583 turns).

myeffort the Geomancer (DDEE)                       Turns: 4583, Time: 00:16:19

Health: 0/62       AC: 10    Str: 19      XL:     8   Next: 65%
Magic:  6/13       EV: 11    Int: 14 (16) God:    Makhleb [......]
Gold:   61         SH:  0    Dex: 13      Spells: 4 memorised, 0 levels left

rFire  + . .     SeeInvis .     a - +5 dagger (elec)
rCold  + . .     Clarity  .     g - +2 ring mail {rPois}
rNeg   . . .     SustAb   .     (no shield)
rPois  +         Gourm    .     (no helmet)
rElec  +         Spirit   .     (no cloak)
rCorr  +         Warding  .     B - +2 pair of gloves
rMut   .         Stasis   .     (no boots)
MR     +....                    (no amulet)
Stlth  ++++......               (no ring)
                                (no ring)

@: mighty, lethally poisoned, resistant, non-regenerating, somewhat resistant to
hostile enchantments, stealthy
A: damage resistance, recharge devices, sense surroundings 1, slow healing 3,
wild magic 1
a: Device Recharging, Renounce Religion


You were on level 6 of the Dungeon.
You worshipped Makhleb.
Makhleb was noncommittal.
You were very hungry.

You visited 1 branch of the dungeon, and saw 6 of its levels.

You collected 313 gold pieces.
You spent 252 gold pieces at shops.

Inventory:

Hand weapons
 a - a +5 dagger of electrocution (weapon)
 y - a +1 whip of freezing
Missiles
 b - 63 stones (quivered)
Armour
 g - a +2 ring mail of poison resistance (worn)
 B - a +2 pair of gloves (worn)
Jewellery
 n - an uncursed amulet of guardian spirit {unknown}
 D - a +4 ring of slaying {unknown}
Magical devices
 e - a wand of heal wounds (0)
 x - a wand of draining (0)
 z - a wand of slowing (36)
Scrolls
 i - a scroll of teleportation
 j - 3 scrolls of identify
 m - a scroll of magic mapping
 o - a scroll of noise
 q - a scroll of random uselessness
 t - a scroll of remove curse
Potions
 h - a potion of brilliance
 p - 2 potions of might
 r - a potion of degeneration
 u - a potion of curing
Books
 d - a book of Geomancy

   Spells                             Type                      Level
   a - Sandblast                      Earth                        1
   b - Stoneskin                      Transmutation/Earth          2
   c - Passwall                       Transmutation/Earth          3
   d - Stone Arrow                    Conjuration/Earth            3
   e - Petrify                        Transmutation/Earth          4
   f - Lee's Rapid Deconstruction     Earth                        5
Comestibles
 c - 4 chunks of flesh
 f - 5 bread rations
 k - 3 royal jellies
 l - 3 slices of pizza
 s - a meat ration


   Skills:
 - Level 2.1 Dodging
 + Level 10.3 Stealth
 - Level 2.1 Spellcasting
 - Level 0.8 Transmutations
 + Level 10.6 Earth Magic


You couldn't memorise any spells.
You knew the following spells:

 Your Spells              Type           Power        Failure   Level  Hunger
a - Sandblast             Erth           #####.       2%          1    ##.....
b - Stoneskin             Trmt/Erth      ####....     11%         2    ###....
c - Stone Arrow           Conj/Erth      ###...       22%         3    ####...
d - Lee's Rapid Deconstr  Erth           #####.....   22%         5    ######.


Dungeon Overview and Level Annotations

Branches:
Dungeon (6/15)
 Temple: D:4-7

Altars:
Elyvilon
Kikubaaqudgha
Makhleb
Qazlal
Sif Muna
Trog

Shops:
D:6 [


Innate Abilities, Weirdness & Mutations

You are resistant to damage.
You can recharge devices by infusing magical energy.
You passively map a small area around you.
You do not heal naturally.
Your spells are a little harder to cast, but a little more powerful.


Message History

The killer bee is heavily wounded.
The giant frog hits you. The killer bee stings you.
The giant frog hits you but does no damage.
The killer bee misses you.
You barely miss the killer bee.
The killer bee is heavily wounded.
The killer bee barely misses you.
The giant frog hits you but does no damage.
The killer bee stings you but does no damage.
You hit the giant frog.
There is a sudden explosion of sparks!
The giant frog is almost dead.
The giant frog closely misses you. The killer bee stings you.
* * * LOW HITPOINT WARNING * * *
The giant frog hits you. The killer bee stings you.
* * * LOW HITPOINT WARNING * * *
You puncture the giant frog!
There is a sudden explosion of sparks!
You kill the giant frog!
Makhleb accepts your kill. The killer bee stings you. x2
You die...

..................)).........,,**
####################.########*,*
.........y,,,,,..# #.# *,*
##########*****#.# #.# *,* #.#
#.# *,* #.# #.# *,* #y# #.# *,*
############# #y###.#######**,*
..........[∩# #@)..)........*,*
###########.# #####.#######,*,*
#.# #.# *,*,* #.# #.#******,*,**
#.# #.#,,,,,,,,,,, #.##
#.#,*****,*,**
#.>#*****#.#,*,,,,,*,*
#####.##,,,,.[.,*,,,,,,,*
#......#,,,,,.,,*,********


You could see 2 killer bees.

Vanquished Creatures
  2 phantoms
  3 ogres
  The ghost of myeffort the Digger, an average DDEE (D:3)
  2 centaurs
  Duvessa (D:5)
  2 giant frogs (D:6)
  A killer bee (D:6)
  2 scorpions
  Dowan (D:5)
  A crimson imp (D:6)
  An orc priest (D:2)
  6 orc wizards
  2 giant frog skeletons
  A worker ant (D:4)
  Ijyb (D:2)
  A worker ant zombie (D:5)
  4 gnolls (D:3)
  4 adders
  2 worms (D:2)
  7 giant geckos
  An ooze (D:1)
  20 orcs
  12 bats
  6 hobgoblins
  6 jackals
  11 kobolds
  A quokka (D:5)
  6 ball pythons
  A giant newt (D:1)
  17 goblins
  16 rats
142 creatures vanquished.

Notes
Turn   | Place    | Note
--------------------------------------------------------------
     0 | D:1      | myeffort, the Deep Dwarf Earth Elementalist, began the quest for the Orb.
     0 | D:1      | Reached XP level 1. HP: 15/15 MP: 2/2
   166 | D:1      | Reached XP level 2. HP: 20/22 MP: 2/4
   661 | D:1      | Reached XP level 3. HP: 14/28 MP: 4/6
  1185 | D:2      | Noticed Ijyb
  1199 | D:2      | Reached skill level 5 in Earth Magic
  1236 | D:2      | Killed Ijyb
  1236 | D:2      | Reached XP level 4. HP: 15/36 MP: 0/7
  1791 | D:2      | Learned a level 2 spell: Stoneskin
  1854 | D:3      | Noticed myeffort's ghost (average DDEE)
  1863 | D:2      | Reached skill level 5 in Stealth
  1863 | D:2      | Reached XP level 5. HP: 21/42 MP: 9/9
  1963 | D:2      | Reached skill level 6 in Earth Magic
  2320 | D:3      | Reached XP level 6. HP: 19/49 MP: 1/10
  2399 | D:3      | Killed myeffort's ghost
  2399 | D:3      | Reached skill level 7 in Earth Magic
  2756 | D:4      | Reached XP level 7. HP: 38/55 MP: 6/12
  2929 | D:4      | Reached skill level 8 in Earth Magic
  3020 | D:4      | Learned a level 3 spell: Stone Arrow
  3285 | D:5      | Entered Level 5 of the Dungeon
  3329 | D:5      | Noticed Duvessa
  3353 | D:5      | Found a white marble altar of Elyvilon.
  3537 | D:5      | Found a stormy altar of Qazlal.
  3538 | D:5      | Found a bloodstained altar of Trog.
  3577 | D:5      | Reached skill level 9 in Earth Magic
  3679 | D:5      | Noticed Dowan
  3692 | D:5      | Killed Dowan
  3724 | D:5      | Killed Duvessa
  3936 | D:6      | Reached XP level 8. HP: 39/62 MP: 9/13
  4032 | D:6      | Found Rutoc's Armour Shop.
  4066 | D:6      | Found an ancient bone altar of Kikubaaqudgha.
  4068 | D:6      | Found a deep blue altar of Sif Muna.
  4070 | D:6      | Found a burning altar of Makhleb.
  4074 | D:6      | Became a worshipper of Makhleb the Destroyer
  4189 | D:6      | Bought a +2 ring mail of poison resistance for 252 gold pieces
  4206 | D:6      | Learned a level 5 spell: Lee's Rapid Deconstruction
  4289 | D:6      | Reached skill level 10 in Earth Magic
  4554 | D:6      | Reached skill level 10 in Stealth
  4561 | D:6      | Gained mutation: Your spells are a little harder to cast, but a little more powerful. [potion of beneficial mutation]
  4582 | D:6      | HP: 2/62 [killer bee (2)]
  4583 | D:6      | Slain by a killer bee

Action                   |  1- 3 |  4- 6 |  7- 9 || total
-------------------------+-------+-------+-------++-------
Melee: Unarmed           |    44 |       |       ||    44
       Dagger            |    27 |   105 |    69 ||   201
Throw: Stone             |     1 |     1 |       ||     2
 Cast: Sandblast         |    52 |    45 |    66 ||   163
       Stoneskin         |       |     1 |     1 ||     2
       Stone Arrow       |       |       |     2 ||     2
       Lee's Rapid Decon |       |       |     2 ||     2
Evoke: Wand              |       |     2 |     5 ||     7
  Use: Potion            |       |     4 |     8 ||    12
       Scroll            |       |       |     8 ||     8
 Stab: Sleeping          |       |     1 |     3 ||     4
  Eat: Chunk             |     2 |     5 |     8 ||    15
